TOP OF THE 1ST |
Philadelphia (APP) Phillies batting - Pitching for Johnson City Cardinals : LHP David Salas
|
Pitching: LHP David Salas
|
|
Batting: RHB Dan Doggett
|
0-0: Ball 1-0: Called Strike 1-1: Foul Ball, location: 2F 1-2: Strikes out looking
|
Batting: RHB Nick Maxwell
|
0-0: Called Strike 0-1: Foul Ball, location: 2F 0-2: Foul Ball, location: 2F 0-2: Ball 1-2: Foul Ball, location: 2F 1-2: Ball 2-2: Foul Ball, location: 2F 2-2: Ground out 6-3 (Groundball, 6, EV 85.6 MPH)
|
Batting: SHB Sam Fredrick
|
0-0: Foul Ball, location: 2F 0-1: Fly out, F9 (Flyball, 89M, EV 94.4 MPH)
|
Top of the 1st over - 0 runs, 0 hits, 0 errors, 0 left on base; Philadelphia (APP) 0 - Johnson City 0 |
BOTTOM OF THE 1ST |
Johnson City Cardinals batting - Pitching for Philadelphia (APP) Phillies : RHP Takuzo Sato
|
Pitching: RHP Takuzo Sato
|
|
Batting: SHB J.T. Ready
|
0-0: Ball 1-0: Swinging Strike 1-1: Foul Ball, location: 2F 1-2: Reached on error, E3 (Groundball, 34S, EV 90.6 MPH)
|
Batting: RHB Matt McGuire
|
0-0: Ball 1-0: Foul Ball, location: 2F 1-1: Ball 2-1: Foul Ball, location: 2F 2-2: Ball 3-2: Fly out, F7 (Flyball, 7D, EV 105.0 MPH)
|
Batting: SHB Steve Langlois
|
0-0: Ball Passed Ball! J.T. Ready to second 1-0: 2-RUN HOME RUN (Flyball, 7D, EV 101.9 MPH), Distance : 398 ft
|
Batting: SHB Brad Meyer
|
0-0: Ball 1-0: Ball 2-0: Ball 3-0: Base on Balls
|
Batting: LHB Pete Mitchell
|
0-0: Ball Brad Meyer steals 2nd base 1-0: Fly out, F7 (Line Drive, 78M, EV 93.8 MPH)
|
Batting: LHB Doug Nebel
|
0-0: Ball 1-0: Called Strike 1-1: Ball Passed Ball! Brad Meyer to third 2-1: Ball 3-1: Base on Balls
|
Batting: SHB Felipe Campanella
|
0-0: Foul Ball, location: 2F 0-1: SINGLE (Groundball, 4MD, EV 95.0 MPH) Brad Meyer scores Doug Nebel to second
|
Batting: RHB Kevin Kelly
|
0-0: Ball 1-0: Ground out 4-3 (Groundball, 4S, EV 84.4 MPH)
|
Bottom of the 1st over - 3 runs, 2 hits, 1 error, 2 left on base; Philadelphia (APP) 0 - Johnson City 3 |
TOP OF THE 2ND |
Philadelphia (APP) Phillies batting - Pitching for Johnson City Cardinals : LHP David Salas
|
Batting: LHB Victor Estrada
|
0-0: Foul Ball, location: 2F 0-1: Swinging Strike 0-2: Strikes out swinging
|
Batting: LHB Jessie Whedbee
|
0-0: Ball 1-0: Swinging Strike 1-1: Called Strike 1-2: Strikes out swinging
|
Batting: RHB Mike Ryan
|
0-0: Ground out 5-3 (Groundball, 56, EV 87.5 MPH)
|
Top of the 2nd over - 0 runs, 0 hits, 0 errors, 0 left on base; Philadelphia (APP) 0 - Johnson City 3 |
BOTTOM OF THE 2ND |
Johnson City Cardinals batting - Pitching for Philadelphia (APP) Phillies : RHP Takuzo Sato
|
Batting: RHB Dan Wages
|
0-0: Ball 1-0: Called Strike 1-1: Ball 2-1: Ground out 5-3 (Groundball, 56S, EV 67.5 MPH)
|
Batting: SHB J.T. Ready
|
0-0: Ball 1-0: Ball 2-0: Ball 3-0: Called Strike 3-1: Foul Ball, location: 2F 3-2: Ground out 3-1 (Groundball, 13, EV 93.8 MPH)
|
Batting: RHB Matt McGuire
|
0-0: Ball 1-0: Ball 2-0: Called Strike 2-1: Called Strike 2-2: Ball 3-2: Base on Balls
|
Batting: SHB Steve Langlois
|
0-0: Ball Matt McGuire steals 2nd base 1-0: TRIPLE (Line Drive, 89XD, EV 111.2 MPH) Matt McGuire scores
|
Pitching: RHP Robert Mccabe
|
|
Batting: SHB Brad Meyer
|
0-0: Ball 1-0: Foul Ball, location: 2F 1-1: Ball 2-1: Foul Ball, location: 2F 2-2: Strikes out swinging
|
Bottom of the 2nd over - 1 run, 1 hit, 0 errors, 1 left on base; Philadelphia (APP) 0 - Johnson City 4 |
TOP OF THE 3RD |
Philadelphia (APP) Phillies batting - Pitching for Johnson City Cardinals : LHP David Salas
|
Batting: RHB Jose Hurtado
|
0-0: Called Strike 0-1: Ball 1-1: Swinging Strike 1-2: Strikes out looking
|
Batting: LHB Justin Harrison
|
0-0: Called Strike 0-1: Swinging Strike 0-2: Ball 1-2: Strikes out looking
|
Batting: SHB Robert Chauvel
|
0-0: Ball 1-0: Ball 2-0: Ball 3-0: Base on Balls
|
Batting: RHB Dan Doggett
|
0-0: Ball 1-0: Foul Ball, location: 2F 1-1: Fielders Choice at 2nd, 6-4 (Groundball, 56, EV 81.9 MPH)
|
Top of the 3rd over - 0 runs, 0 hits, 0 errors, 1 left on base; Philadelphia (APP) 0 - Johnson City 4 |
BOTTOM OF THE 3RD |
Johnson City Cardinals batting - Pitching for Philadelphia (APP) Phillies : RHP Robert Mccabe
|
Batting: LHB Pete Mitchell
|
0-0: Ball 1-0: Ball 2-0: Swinging Strike 2-1: Ball 3-1: Base on Balls
|
Batting: LHB Doug Nebel
|
0-0: Ball 1-0: Ball 2-0: Ball Passed Ball! Pete Mitchell to second 3-0: Base on Balls
|
Batting: SHB Felipe Campanella
|
0-0: Foul Ball, location: 2F 0-1: Ball Passed Ball! Pete Mitchell to third Doug Nebel to second 1-1: Ball Wild Pitch! Pete Mitchell scores Doug Nebel to third 2-1: Fly out, F5 (Popup, 5F, EV 64.4 MPH)
|
Pitching: LHP Marc Haigler
|
|
Batting: RHB Kevin Kelly
|
0-0: Ball Passed Ball! Doug Nebel scores 1-0: Swinging Strike 1-1: Foul Ball, location: 2F 1-2: Strikes out swinging
|
Batting: RHB Dan Wages
|
0-0: Called Strike 0-1: Called Strike 0-2: Foul Ball, location: 2F 0-2: Ball 1-2: Ground out 6-3 (Groundball, 6, EV 86.9 MPH)
|
Bottom of the 3rd over - 2 runs, 0 hits, 0 errors, 0 left on base; Philadelphia (APP) 0 - Johnson City 6 |
TOP OF THE 4TH |
Philadelphia (APP) Phillies batting - Pitching for Johnson City Cardinals : LHP David Salas
|
Batting: RHB Nick Maxwell
|
0-0: Foul Ball, location: 2F 0-1: Ball 1-1: Ball 2-1: Called Strike 2-2: Ball 3-2: Strikes out swinging
|
Batting: SHB Sam Fredrick
|
0-0: Called Strike 0-1: Swinging Strike 0-2: Ball 1-2: Ball 2-2: Ground out U3 (Groundball, 34, EV 89.4 MPH)
|
Batting: LHB Victor Estrada
|
0-0: Ball 1-0: Ball 2-0: Foul Ball, location: 2F 2-1: Ground out 4-3 (Groundball, 4, EV 106.9 MPH)
|
Top of the 4th over - 0 runs, 0 hits, 0 errors, 0 left on base; Philadelphia (APP) 0 - Johnson City 6 |
BOTTOM OF THE 4TH |
Johnson City Cardinals batting - Pitching for Philadelphia (APP) Phillies : LHP Marc Haigler
|
Batting: SHB J.T. Ready
|
0-0: Ball 1-0: Foul Ball, location: 2F 1-1: Ball 2-1: Ball 3-1: Base on Balls
|
Batting: RHB Matt McGuire
|
0-0: Swinging Strike 0-1: SINGLE (Groundball, 6MD, EV 94.4 MPH) J.T. Ready to second Runner from 2nd tries for 3rd, SAFE, throw by CF made to third
|
Batting: SHB Steve Langlois
|
0-0: Ball Passed Ball! J.T. Ready scores Matt McGuire to second 1-0: Called Strike 1-1: SINGLE (Flyball, 56D, EV 93.8 MPH) Matt McGuire to third
|
Pitching: RHP RĂ¼diger Stritter
|
|
Batting: SHB Brad Meyer
|
0-0: SINGLE (Flyball, 78S, EV 95.6 MPH) Matt McGuire scores Steve Langlois to second
|
Batting: LHB Pete Mitchell
|
0-0: Ball 1-0: Ball 2-0: Ball 3-0: Base on Balls Steve Langlois to third Brad Meyer to second
|
Batting: LHB Doug Nebel
|
0-0: Called Strike 0-1: Ball Wild Pitch! Steve Langlois scores Brad Meyer to third Pete Mitchell to second 1-1: Ball 2-1: Ball 3-1: Base on Balls
|
Batting: SHB Felipe Campanella
|
0-0: Ball Passed Ball! Brad Meyer scores Pete Mitchell to third Doug Nebel to second 1-0: Ball Passed Ball! Pete Mitchell scores Doug Nebel to third 2-0: Called Strike 2-1: Ball Passed Ball! Doug Nebel scores 3-1: Base on Balls
|
Batting: RHB Kevin Kelly
|
0-0: Foul Ball, location: 2F 0-1: SINGLE (Line Drive, 6MD, EV 95.6 MPH) Felipe Campanella to second
|
Batting: RHB Dan Wages
|
0-0: Ball 1-0: Ball 2-0: Ball Passed Ball! Felipe Campanella to third Kevin Kelly to second 3-0: Base on Balls
|
Pitching: LHP Chris Alexopoulos
|
|
Batting: SHB J.T. Ready
|
0-0: TRIPLE (Flyball, 9LD, EV 111.9 MPH) Felipe Campanella scores Kevin Kelly scores Dan Wages scores
|
Batting: RHB Matt McGuire
|
0-0: Ball Passed Ball! J.T. Ready scores 1-0: Called Strike 1-1: Ground out 5-3 (Groundball, 56S, EV 71.2 MPH)
|
Batting: SHB Steve Langlois
|
0-0: Called Strike 0-1: Ground out 3-1 (Groundball, 34S, EV 78.8 MPH)
|
Batting: SHB Brad Meyer
|
0-0: Ball 1-0: Ball 2-0: Ball 3-0: Called Strike 3-1: Base on Balls
|
Batting: LHB Pete Mitchell
|
0-0: Ball 1-0: Foul Ball, location: 2F 1-1: Foul Ball, location: 2F 1-2: Strikes out swinging
|
Bottom of the 4th over - 10 runs, 5 hits, 0 errors, 1 left on base; Philadelphia (APP) 0 - Johnson City 16 |
TOP OF THE 5TH |
Philadelphia (APP) Phillies batting - Pitching for Johnson City Cardinals : LHP David Salas
|
Batting: LHB Jessie Whedbee
|
0-0: Called Strike 0-1: Ball 1-1: Foul Ball, location: 2F 1-2: Foul Ball, location: 2F 1-2: Strikes out swinging
|
Batting: RHB Mike Ryan
|
0-0: Foul Ball, location: 2F 0-1: Hit by Pitch
|
Batting: RHB Jose Hurtado
|
0-0: Ball 1-0: Called Strike 1-1: Foul Ball, location: 2F 1-2: Foul Ball, location: 2F 1-2: Strikes out swinging
|
Batting: LHB Justin Harrison
|
0-0: Foul Ball, location: 2F 0-1: Swinging Strike 0-2: Ball 1-2: Strikes out looking
|
Top of the 5th over - 0 runs, 0 hits, 0 errors, 1 left on base; Philadelphia (APP) 0 - Johnson City 16 |
BOTTOM OF THE 5TH |
Johnson City Cardinals batting - Pitching for Philadelphia (APP) Phillies : LHP Chris Alexopoulos
|
Batting: LHB Doug Nebel
|
0-0: Ball 1-0: Called Strike 1-1: Ground out U3 (Groundball, 3, EV 100.6 MPH)
|
Batting: SHB Felipe Campanella
|
0-0: Ball 1-0: Ball 2-0: Ball 3-0: Called Strike 3-1: Base on Balls
|
Batting: RHB Kevin Kelly
|
0-0: Called Strike 0-1: Fielders Choice at 2nd, 4-6 (Groundball, 4M, EV 90.0 MPH)
|
Pitching: RHP Franck Basset
|
|
Batting: RHB Dan Wages
|
0-0: Swinging Strike 0-1: Foul Ball, location: 2F 0-2: Ball Wild Pitch! Kevin Kelly to second 1-2: Ball 2-2: Ball Passed Ball! Kevin Kelly to third 3-2: Foul Ball, location: 2F 3-2: Foul Ball, location: 2F 3-2: Strikes out looking
|
Bottom of the 5th over - 0 runs, 0 hits, 0 errors, 1 left on base; Philadelphia (APP) 0 - Johnson City 16 |
TOP OF THE 6TH |
Philadelphia (APP) Phillies batting - Pitching for Johnson City Cardinals : LHP David Salas
|
Batting: SHB Robert Chauvel
|
0-0: Foul Ball, location: 2F 0-1: Foul Ball, location: 2F 0-2: Ball 1-2: Strikes out swinging
|
Batting: RHB Dan Doggett
|
0-0: Called Strike 0-1: Foul Ball, location: 2F 0-2: Strikes out looking
|
Batting: RHB Nick Maxwell
|
0-0: Swinging Strike 0-1: Foul Ball, location: 2F 0-2: Strikes out swinging
|
Top of the 6th over - 0 runs, 0 hits, 0 errors, 0 left on base; Philadelphia (APP) 0 - Johnson City 16 |
BOTTOM OF THE 6TH |
Johnson City Cardinals batting - Pitching for Philadelphia (APP) Phillies : RHP Franck Basset
|
Batting: SHB J.T. Ready
|
0-0: Called Strike 0-1: Ball 1-1: Foul Ball, location: 2F 1-2: SINGLE (Flyball, 34D, EV 85.6 MPH)
|
Batting: RHB Matt McGuire
|
0-0: Called Strike 0-1: Foul Ball, location: 2F 0-2: Ball 1-2: Ball 2-2: Foul Ball, location: 2F 2-2: Ball 3-2: Base on Balls J.T. Ready to second
|
Batting: SHB Steve Langlois
|
0-0: Ball 1-0: Called Strike 1-1: Foul Ball, location: 2F 1-2: Ball Passed Ball! J.T. Ready to third Matt McGuire to second 2-2: Foul Ball, location: 2F 2-2: Foul Ball, location: 2F 2-2: 3-RUN HOME RUN (Flyball, 9LD, EV 97.5 MPH), Distance : 343 ft
|
Batting: SHB Brad Meyer
|
0-0: Called Strike 0-1: SOLO HOME RUN (Flyball, 7D, EV 98.8 MPH), Distance : 380 ft
|
Batting: LHB Pete Mitchell
|
0-0: Called Strike 0-1: Ball 1-1: Fly out, F8 (Flyball, 89D, EV 81.9 MPH)
|
Batting: LHB Doug Nebel
|
0-0: Called Strike 0-1: SINGLE (Groundball, 4MS, EV 62.5 MPH) (infield hit)
|
Batting: SHB Felipe Campanella
|
0-0: TRIPLE (Groundball, 3L, EV 103.8 MPH) Doug Nebel scores
|
Batting: RHB Kevin Kelly
|
0-0: Ball Passed Ball! Felipe Campanella scores 1-0: SINGLE (Groundball, 56S, EV 66.2 MPH) (infield hit)
|
Batting: RHB Dan Wages
|
0-0: Foul Ball, location: 2F 0-1: Foul Ball, location: 2F 0-2: Foul Ball, location: 2F 0-2: Ball Wild Pitch! Kevin Kelly to second 1-2: Foul Ball, location: 2F 1-2: Strikes out swinging
|
Batting: SHB J.T. Ready
|
0-0: Ground out 5-3 (Groundball, 5, EV 78.8 MPH)
|
Bottom of the 6th over - 6 runs, 6 hits, 0 errors, 1 left on base; Philadelphia (APP) 0 - Johnson City 22 |
TOP OF THE 7TH |
Philadelphia (APP) Phillies batting - Pitching for Johnson City Cardinals : LHP David Salas
|
Batting: SHB Sam Fredrick
|
0-0: Ball 1-0: Ball 2-0: Ball 3-0: Base on Balls
|
Batting: LHB Victor Estrada
|
0-0: Foul Ball, location: 2F 0-1: Ball 1-1: Called Strike 1-2: Ball 2-2: Ball 3-2: Foul Ball, location: 2F 3-2: Strikes out swinging
|
Batting: LHB Jessie Whedbee
|
0-0: Ball 1-0: Ball 2-0: Ball 3-0: Called Strike 3-1: Swinging Strike 3-2: SINGLE (Groundball, 4MD, EV 103.1 MPH) Sam Fredrick to second
|
Batting: RHB Mike Ryan
|
0-0: Called Strike 0-1: Ball 1-1: Ball 2-1: Fielders Choice at 2nd, U6 (Groundball, 4MS, EV 86.2 MPH) Sam Fredrick to third
|
Batting: RHB Jose Hurtado
|
0-0: Ball 1-0: Foul Ball, location: 2F 1-1: Ball 2-1: Fly out, F8 (Flyball, 8LXD, EV 88.8 MPH)
|
Top of the 7th over - 0 runs, 1 hit, 0 errors, 2 left on base; Philadelphia (APP) 0 - Johnson City 22 |
BOTTOM OF THE 7TH |
Johnson City Cardinals batting - Pitching for Philadelphia (APP) Phillies : RHP Franck Basset
|
Batting: RHB Matt McGuire
|
0-0: SOLO HOME RUN (Flyball, 7D, EV 102.5 MPH), Distance : 391 ft
|
Batting: SHB Steve Langlois
|
0-0: Fly out, F9 (Flyball, 89M, EV 96.9 MPH)
|
Batting: SHB Brad Meyer
|
0-0: Called Strike 0-1: Ball 1-1: SOLO HOME RUN (Flyball, 8RXD, EV 114.4 MPH), Distance : 443 ft
|
Batting: LHB Pete Mitchell
|
0-0: Ball 1-0: Swinging Strike 1-1: Ball 2-1: Ball 3-1: Base on Balls
|
Batting: LHB Doug Nebel
|
0-0: SINGLE (Groundball, 3S, EV 68.8 MPH) (infield hit) Pete Mitchell to second
|
Batting: SHB Felipe Campanella
|
0-0: Foul Ball, location: 2F 0-1: Fielders Choice at 2nd, 4-6 (Groundball, 4, EV 108.1 MPH) Pete Mitchell to third
|
Batting: RHB Kevin Kelly
|
0-0: Called Strike 0-1: Ball 1-1: Foul Ball, location: 2F 1-2: Ball 2-2: Ball 3-2: Base on Balls Felipe Campanella to second
|
Batting: RHB Dan Wages
|
0-0: Called Strike 0-1: Fly out, F9 (Flyball, 9, EV 81.2 MPH)
|
Bottom of the 7th over - 2 runs, 3 hits, 0 errors, 3 left on base; Philadelphia (APP) 0 - Johnson City 24 |
TOP OF THE 8TH |
Philadelphia (APP) Phillies batting - Pitching for Johnson City Cardinals : LHP David Salas
|
Batting: LHB Justin Harrison
|
0-0: Swinging Strike 0-1: Called Strike 0-2: Strikes out swinging passed ball, reaches first!
|
Batting: SHB Robert Chauvel
|
0-0: Bunted foul 0-1: Sac Bunt to 25 - play at first, batter OUT! 5-4 Justin Harrison to second
|
Batting: RHB Dan Doggett
|
0-0: Foul Ball, location: 2F 0-1: Swinging Strike 0-2: Ball Wild Pitch! Justin Harrison to third 1-2: Strikes out swinging
|
Batting: RHB Nick Maxwell
|
0-0: Called Strike 0-1: Foul Ball, location: 2F 0-2: Ball 1-2: Strikes out looking
|
Top of the 8th over - 0 runs, 0 hits, 0 errors, 1 left on base; Philadelphia (APP) 0 - Johnson City 24 |
BOTTOM OF THE 8TH |
Johnson City Cardinals batting - Pitching for Philadelphia (APP) Phillies : RHP Franck Basset
|
Batting: SHB J.T. Ready
|
0-0: Ball 1-0: Foul Ball, location: 2F 1-1: Called Strike 1-2: Strikes out swinging
|
Batting: RHB Matt McGuire
|
0-0: Foul Ball, location: 2F 0-1: Ground out 5-3 (Groundball, 56, EV 105.0 MPH)
|
Batting: SHB Steve Langlois
|
0-0: Called Strike 0-1: Ball 1-1: Ball 2-1: Ball 3-1: Base on Balls
|
Batting: SHB Brad Meyer
|
0-0: Called Strike 0-1: Foul Ball, location: 2F 0-2: Strikes out swinging
|
Bottom of the 8th over - 0 runs, 0 hits, 0 errors, 1 left on base; Philadelphia (APP) 0 - Johnson City 24 |
TOP OF THE 9TH |
Philadelphia (APP) Phillies batting - Pitching for Johnson City Cardinals : LHP David Salas
|
Batting: SHB Sam Fredrick
|
0-0: Foul Ball, location: 2F 0-1: Foul Ball, location: 2F 0-2: Ball 1-2: Ball 2-2: Foul Ball, location: 2F 2-2: SINGLE (Flyball, 7LS, EV 86.9 MPH)
|
Batting: LHB Victor Estrada
|
0-0: Ball 1-0: Foul Ball, location: 2F 1-1: Fielders Choice at 2nd, 4-6 (Groundball, 4, EV 83.1 MPH)
|
Batting: LHB Jessie Whedbee
|
0-0: Called Strike 0-1: Swinging Strike 0-2: Ball 1-2: Ball 2-2: Ball 3-2: Strikes out swinging
|
Pitching: RHP Rich Sauceman
|
|
Batting: RHB Mike Ryan
|
0-0: Ball 1-0: Foul Ball, location: 2F 1-1: Ball 2-1: Fly out, F9 (Flyball, 9, EV 86.2 MPH)
|
Top of the 9th over - 0 runs, 1 hit, 0 errors, 1 left on base; Philadelphia (APP) 0 - Johnson City 24 |
|